 Dungeon Crawl Stone Soup version 0.30-a0-883-g5ad918d77d (webtiles) character file.

Game seed: 7733544981657377136

742 croobank the Covert (level 7, -1/75 HPs)
             Began as an Octopode Delver on Mar 17, 2023.
             Slain by an ice beast (2 damage)
             ... on level 5 of the Dungeon.
             The game lasted 00:15:24 (4348 turns).

croobank the Covert (Octopode Delver)               Turns: 4348, Time: 00:15:24

Health: -1/75      AC:  1    Str: 11    XL:     7   Next: 76%
Magic:  7/7        EV: 14    Int: 15    God:
Gold:   201        SH:  0    Dex: 13    Spells: 6/6 levels left

rFire   . . .      SeeInvis .      - Unarmed
rCold   . . .      Faith    .    (no shield)
rNeg    . . .      Spirit   .    (helmet restricted)
rPois   .          Reflect  .    p - amulet of the acrobat
rElec   .          Rampage  .    (no ring)
rCorr   .                        (no ring)
Will    .....                    (no ring) Stlth
                                 (no ring)
HPRegen 0.32/turn                (no ring)
MPRegen 0.10/turn                (no ring)
                                 (no ring)
                                 (no ring)

@: berserking, very quick
A: almost no armour, amphibious, 8 rings, camouflage 1, gelatinous body 1,
(nimble swimmer 1), tentacles
a: no special abilities


You were on level 5 of the Dungeon.
You visited 1 branch of the dungeon, and saw 6 of its levels.

You collected 201 gold pieces.

Inventory:

Hand Weapons
 g - a +1 trident
 h - a +0 short sword
 k - a +0 long sword
 m - a +0 dagger
Missiles
 q - 2 boomerangs
 r - a silver javelin (quivered)
Armour
 i - a +0 kite shield
Jewellery
 p - an amulet of the acrobat (around mantle)
Wands
 d - a wand of paralysis (9)
 e - a wand of digging (3)
Scrolls
 a - a scroll of fog
 b - 3 scrolls of magic mapping
 f - a scroll of amnesia
Potions
 j - a potion of lignification {unknown}
 l - a potion of flight
 n - a potion of cancellation {unknown}
 o - 5 potions of curing
 s - a potion of invisibility {unknown}


   Skills:
 + Level 5.1 Fighting
 + Level 4.5 Dodging
 + Level 8.9 Stealth
 + Level 4.5 Unarmed Combat


You had 6 spell levels left.
You didn't know any spells.
Your spell library contained the following spells:

 Spells                   Type           Power      Damage    Failure   Level
 Necrotise                Necr           0%         1d4       26%         1
 Vampiric Draining        Necr           0%         2d6       63%         3
 Agony                    Necr           0%         N/A       100%        5


Dungeon Overview and Level Annotations

Branches:
Dungeon (6/15)             Temple (0/1) D:6

Altars:
Ashenzari
Fedhas
Nemelex Xobeh
Sif Muna
Yredelemnul
Zin

Shops:
D:1 *

Annotations:
D:4 Grinder


Innate Abilities, Weirdness & Mutations

You cannot wear most types of armour.
You are amphibious.
You can wear up to eight rings at the same time.
Your skin changes colour to match your surroundings (Stealth+).
Your rubbery body absorbs attacks. (AC +1, EV +1)
((You are camouflaged when in or above water. (Stealth+)))
You have tentacles for arms and can constrict up to eight enemies at once.


Message History

You closely miss the adder. Your grab misses the adder.
The adder is moderately wounded.
You feel sick. The adder barely misses you.
You closely miss the adder. Your grab misses the adder.
The adder is moderately wounded.
You feel sick. The adder barely misses you.
You barely miss the adder. You grab the adder.
The adder is moderately wounded.
You constrict the adder. The adder bites you.
You tentacle-slap the adder but do no damage.
Your tentacle-slap misses the adder.
The adder is moderately wounded.
You constrict the adder.
You feel sick. The adder closely misses you.
You tentacle-slap the adder.
You kill the adder!
You feel sick.
You are no longer poisoned.
Okay, then.
It was a potion of berserk rage.
A red film seems to cover your vision as you go berserk!
You feel yourself moving faster!
You feel mighty! The ice beast hits you. The ice beast freezes you.
You completely miss the ice beast. You tentacle-slap the ice beast.
The ice beast is moderately wounded.
You bludgeon the ice beast! You tentacle-slap the ice beast.
The ice beast is severely wounded.
The ice beast hits you. The ice beast freezes you!
* * * LOW HITPOINT WARNING * * *
You closely miss the ice beast.
The ice beast is severely wounded.
You closely miss the ice beast.
The ice beast is severely wounded.
The ice beast hits you.
* * * LOW HITPOINT WARNING * * *
The ice beast freezes you!
* * * LOW HITPOINT WARNING * * *
You bludgeon the ice beast!
The ice beast is almost dead.
The ice beast hits you.
You die...

#.........#.#.#
#..##.....#.#.#
..###(....#)#.#
......S...#.#.#
...
##...S#.†[####
.##
#....SSS....#
#....######S#
#.........#Y#
#########.#@#
#.# #.# #.# #.#
#.# #.# #.# #.#


You could see an ice beast and an adder.

Vanquished Creatures
  A water moccasin (D:5)
  A bullfrog (D:5)
  2 scorpions
  3 hounds
  2 iguanas (D:5)
  Ijyb (D:4)
  3 orc wizards (D:5)
  4 gnolls
  6 adders
  2 dart slugs
  23 orcs
  4 ball pythons (D:1)
  8 bats
  4 endoplasms
  2 giant cockroaches
  6 hobgoblins
  8 jackals
  3 kobolds
  6 quokkas
  5 frilled lizards
  9 goblins
  2 rats
105 creatures vanquished.

Notes
Turn   | Place    | Note
-------+----------+-------------------------------------------
     0 | D:5      | croobank the Octopode Delver began the quest for the Orb.
     0 | D:5      | Reached XP level 1. HP: 16/16 MP: 1/1
     4 | D:6      | Noticed a scorpion
     8 | D:6      | Found a staircase to the Ecumenical Temple.
    56 | D:6      | Noticed a water moccasin
   189 | D:5      | Noticed a phantom
   272 | D:4      | Found a sparkling altar of Nemelex Xobeh.
   273 | D:4      | Found a broken altar of Ashenzari.
   294 | D:4      | Reached XP level 2. HP: 10/21 MP: 2/2
   394 | D:4      | Reached XP level 3. HP: 25/26 MP: 3/3
   557 | D:4      | Noticed Ijyb
   582 | D:4      | Reached skill level 7 in Stealth
   703 | D:4      | Reached XP level 4. HP: 25/32 MP: 4/4
  1193 | D:3      | Found a faded altar of an unknown god.
  1331 | D:3      | Found a shimmering blue altar of Sif Muna.
  1331 | D:3      | Found a glowing silver altar of Zin.
  1411 | D:2      | Found a basalt altar of Yredelemnul.
  1473 | D:2      | Reached XP level 5. HP: 37/37 MP: 5/5
  2057 | D:1      | Found Hemeggy's General Store.
  2669 | D:2      | Identified the +2 spear "Caemelot" {flame, rF- rC+ Int+5
                  | Dex+2}
  3177 | D:3      | Found a blossoming altar of Fedhas.
  3186 | D:3      | Found a basalt altar of Yredelemnul.
  3224 | D:4      | Killed Ijyb
  3225 | D:4      | Reached XP level 6. HP: 34/43 MP: 6/6
  3408 | D:4      | Noticed Grinder
  3799 | D:5      | Reached skill level 8 in Stealth
  4110 | D:5      | Reached XP level 7. HP: 29/49 MP: 7/7
  4333 | D:5      | Reached skill level 5 in Fighting
  4347 | D:5      | HP: 1/75 [ice beast (14)]
  4348 | D:5      | Slain by an ice beast

Illustrated notes

Levels and vault maps discovered:
D:1:      dpeg_arrival_line_fractal, layout_loops_corners, serial_shops,
          nicolae_square_shop, minivault_4, minmay_misc_feat_columns,
          minmay_distorted
D:2:      layout_loops_cross, basic_altar
D:3:      layout_rooms, mainiacjoe_overflow_swirl,
          gammafunk_temple_overflow_elements,
          hellmonk_ecumenical_altar_pennies_from_heaven
D:4:      layout_basic, grunt_temple_overflow_open, palyth_stone_intersect,
          hex_intersection, nicolae_titane, uniq_grinder, uniq_ijyb
D:5:      layout_basic, minmay_chambers_of_fives
D:6:      layout_basic, minmay_temple_entry_slanted, gup_sewer_entry_bubbles

Skill      XL: |  1  2  3  4  5  6  7 |
---------------+----------------------+-----
Stealth        | 7 8 |  8.9
Dodging        | 3 4 |  4.5
Unarmed Combat | 3 4 |  4.5
Fighting       | 4 5 |  5.1

Action                     |  1- 3 |  4- 6 |  7- 9 || total
---------------------------+-------+-------+-------++-------
  Melee: Unarmed           |    49 |   188 |    67 ||   304
         Constrict         |    13 |    37 |    14 ||    64
         Tentacles         |     8 |    42 |    17 ||    67
         Punch             |     4 |     6 |     3 ||    13
  Throw: Javelin           |       |       |     1 ||     1
    Use: Scroll            |     1 |     8 |       ||     9
         Potion            |       |     2 |     2 ||     4
   Stab: Sleeping          |     2 |    27 |       ||    29
 Armour: Skin              |       |     4 |     5 ||     9
  Dodge: Dodged            |    29 |   104 |    36 ||   169

Table legend: (Time is in decaauts)
 A = Elapsed time spent in this place.
 B = Non-inter-level travel time spent in this place.
 C = Inter-level travel time spent in this place.
 D = Time resting spent in this place.
 E = Time spent auto-exploring this place.
 F = Levels seen in this place.
 G = Mean time per level.
                   A        B        C        D        E       F      G
               +--------+--------+--------+--------+--------+-----+--------+
         Total |   4311 |   4201 |    110 |    928 |   2267 |   6 |  718.5 |
       Dungeon |   4311 |   4201 |    110 |    928 |   2267 |   6 |  718.5 |
               +--------+--------+--------+--------+--------+-----+--------+

Top non-repeatable levels by time:
     D:4: 1193 daAuts
     D:5: 828 daAuts
     D:1: 811 daAuts
     D:2: 761 daAuts
     D:3: 686 daAuts
     D:6: 30 daAuts
